 Dungeon Crawl Stone Soup version 0.28.0-49-g6dfe1f597d (webtiles) character file.

Game seed: 13525879876393060703

47 styxcanada the Sneak (level 3, 0/18 HPs)
             Began as a Spriggan Brigand on May 11, 2022.
             Slain by an adder (3 damage)
             ... on level 3 of the Dungeon.
             The game lasted 00:06:03 (2457 turns).

styxcanada the Sneak (Spriggan Brigand)             Turns: 2457, Time: 00:06:04

Health: 0/18       AC:  4    Str:  7    XL:     3   Next: 48%
Magic:  4/4        EV: 17    Int: 12    God:
Gold:   83         SH:  0    Dex: 18    Spells: 2/2 levels left

rFire   . . .      SeeInvis +   a - +2 dagger
rCold   . . .      Faith    .   (no shield)
rNeg    . . .      Spirit   .   b - +0 robe
rPois   .          Reflect  .   (helmet restricted)
rElec   .          Harm     .   q - +1 cloak
rCorr   .          Rampage  .   (gloves unavailable)
Will    .....                   (boots unavailable)
Stlth   ++++......              (no amulet)
HPRegen 0.06/turn               (no ring)
MPRegen 0.09/turn               (no ring)

@: lethally poisoned (0 -> -5), very quick
A: very small, no large weapons, unfitting armour, see invisible, speed 3
a: no special abilities


You were on level 3 of the Dungeon.
You visited 1 branch of the dungeon, and saw 3 of its levels.

You collected 83 gold pieces.

Inventory:

Hand Weapons
 a - a +2 dagger (weapon)
Missiles
 d - 5 poisoned darts (quivered)
 e - 2 curare-tipped darts
 f - 59 stones
 i - 9 sling bullets
Armour
 b - a +0 robe (worn)
 q - a +1 cloak (worn)
Scrolls
 c - a scroll of summoning {unknown}
 g - a scroll of fear {unknown}
 h - a scroll of enchant armour {unknown}
 j - 2 scrolls of identify {unknown}
 k - 2 scrolls of holy word {unknown}
 m - a scroll of teleportation {unknown}
 o - a scroll of blinking {unknown}
 p - a scroll of noise {unknown}
 r - a scroll of fog {unknown}
Potions
 l - a potion of might {unknown}
 n - a potion of brilliance {unknown}


   Skills:
 * Level 1.9 Fighting
 + Level 2.5 Short Blades
 + Level 2.0 Throwing
 * Level 1.8 Dodging
 * Level 7.2 Stealth


You had 2 spell levels left.
You didn't know any spells.
Your spell library contained the following spells:

 Spells                   Type           Power      Damage    Failure   Level
 Chain Lightning          Conj/Air       0%         N/A       100%        9
 Fire Storm               Conj/Fire      0%         5d1       100%        9
 Shatter                  Erth           0%         3d5*      100%        9


Dungeon Overview and Level Annotations

Branches:
Dungeon (3/15)

Altars:

Shops:
D:1 [[*   D:2 (


Innate Abilities, Weirdness & Mutations

You are very small and have problems with some larger weapons.
You are too small for most types of armour.
You have supernaturally acute eyesight. (SInv)
You cover ground extremely quickly. (Speed+++)


Message History

d - 7 poisoned darts (gained 1)
d - 8 poisoned darts (gained 1)
Found a falchion.
You start resting.
HP restored.
An adder comes into view.
Throw: 8 darts (poison)
Press: ? - help, Q - select action, (/) - cycle Shift-Dir - straight line, f - adder
Aim: an adder (wandering, hasn't noticed you, 44% to hit)
You throw a poisoned dart. The poisoned dart hits the adder.
The adder is poisoned.
The adder hisses angrily.
Throw: 7 darts (poison)
Press: ? - help, Q - select action, (/) - cycle Shift-Dir - straight line, f/p - adder
Aim: an adder (lightly wounded, poisoned, 44% to hit)
You throw a poisoned dart.
The poisoned dart barely misses the adder.
Unknown command.
Throw: 6 darts (poison)
Press: ? - help, Q - select action, (/) - cycle Shift-Dir - straight line, f/p - adder
Aim: an adder (lightly wounded, poisoned, 44% to hit)
You throw a poisoned dart. The poisoned dart hits the adder.
The adder looks even sicker.
The adder is lightly wounded.
You barely miss the adder.
The adder is heavily wounded.
The adder bites you.
You are poisoned.
The adder poisons you! The adder bites you.
You are more poisoned.
The adder poisons you!
You closely miss the adder.
The adder is heavily wounded.
You feel sick. The adder bites you.
* * * LOW HITPOINT WARNING * * *
You barely miss the adder.
The adder is heavily wounded.
* * * LOW HITPOINT WARNING * * *
You feel sick. The adder bites you.
You die...

.... #..## #... . #..#
.#. #..# ... #.)# ...
##########..# #..
#.....S@....# #..
#...#######..##########..
.((.... #.........)....
.###... #>###########.#
#### #.##########...
#........<.....
##########..... ##....
##...


You could see an adder (poisoned).

Vanquished Creatures
  An adder (D:2)
  2 dart slugs (D:2)
  An orc (D:3)
  3 endoplasms
  3 goblins (D:2)
  4 hobgoblins
  3 jackals (D:1)
  3 ball pythons (D:2)
  A bat (D:1)
  2 frilled lizards
  5 kobolds
  3 rats (D:1)
31 creatures vanquished.

Vanquished Creatures (others)
  A fungus (D:1)
1 creature vanquished.

Grand Total: 32 creatures vanquished

Notes
Turn   | Place    | Note
-------+----------+-------------------------------------------
     0 | D:1      | styxcanada the Spriggan Brigand began the quest for the
                  | Orb.
     0 | D:1      | Reached XP level 1. HP: 10/10 MP: 2/2
    60 | D:1      | Reached skill level 6 in Stealth
   152 | D:1      | Found a faded altar of an unknown god.
   183 | D:1      | Found Sol Potoon's Armour Shoppe.
   294 | D:1      | Found Viasiyli's General Store.
   410 | D:1      | Reached XP level 2. HP: 6/14 MP: 3/3
  1078 | D:1      | Found Jympest's Armour Boutique.
  1328 | D:2      | Found Fuggaize's Weapon Boutique.
  1955 | D:2      | Reached XP level 3. HP: 18/18 MP: 4/4
  1984 | D:2      | Reached skill level 7 in Stealth
  2457 | D:3      | Slain by an adder

Illustrated notes

Levels and vault maps discovered:
D:1:      dpeg_arrival_three_same_balls, layout_basic, serial_shops, shop, shop,
          nicolae_shop_stone, shapermc_ecumenical_altar_gd
D:2:      layout_loops_ring, serial_shops, shop, minmay_quantized
D:3:      layout_loops_ring, uniq_sigmund

Skill      XL: |  1  2  3 |
---------------+----------+-----
Stealth        | 6 7 |  7.2
Fighting       | |  1.9
Short Blades   | |  2.5
Throwing       | |  2.0
Dodging        | |  1.8

Action                   || total
-------------------------++-------
Melee: Dagger            ||    98
Throw: Dart              ||     6
 Stab: Sleeping          ||    10
       Distracted        ||     1
Armor: Robe              ||    11
Dodge: Dodged            ||    50
